 Dungeon Crawl Stone Soup version 0.30-a0-627-gc11e7ae810 (console) character file.

Game seed: 7242885250045422918

218 Ignak the Sneak (level 5, -9/33 HPs)
             Began as an Octopode Enchanter on Jan 12, 2023.
             Splashed by a jelly's acid (10 damage)
             ... on level 3 of the Dungeon.
             The game lasted 00:06:56 (2745 turns).

Ignak the Sneak (Octopode Enchanter)                Turns: 2745, Time: 00:06:57

Health: -9/33      AC: -7    Str: 13    XL:     5   Next: 95%
Magic:  6/8        EV: 19    Int: 18    God:
Gold:   58         SH:  0    Dex: 14    Spells: 0/8 levels left

rFire   . . .      SeeInvis +    m - +1 dagger (venom)
rCold   . . .      Faith    .    (no shield)
rNeg    . . .      Spirit   .    (helmet restricted)
rPois   .          Reflect  .    k - amulet of the acrobat
rElec   .          Harm     .    d - +6 ring of strength
rCorr   .          Rampage  .    p - ring of see invisible
Will    .....                    r - +5 ring of evasion
Stlth   ++++                     (no ring)
HPRegen 0.25/turn                (no ring)
MPRegen 0.11/turn                (no ring)
                                 (no ring)
                                 (no ring)

@: corroded, invisible
A: almost no armour, amphibious, 8 rings, camouflage 1, gelatinous body 1,
(nimble swimmer 1), tentacles
a: no special abilities


You were on level 3 of the Dungeon.
You visited 1 branch of the dungeon, and saw 4 of its levels.

You collected 158 gold pieces.
You spent 100 gold pieces at shops.

Inventory:

Hand Weapons
 m - a +1 dagger of venom (weapon)
Missiles
 h - 3 poisoned darts (quivered)
 u - a throwing net
Armour
 o - a +0 kite shield
Jewellery
 d - a +6 ring of strength (left tentacle)
 k - an amulet of the acrobat (around mantle)
 p - a ring of see invisible (right tentacle)
 r - a +5 ring of evasion (on tentacle)
Scrolls
 c - a scroll of enchant armour
 e - a scroll of poison
 i - a scroll of enchant weapon
 j - a scroll of teleportation {unknown}
 q - a scroll of magic mapping
 v - a scroll of fog
Potions
 a - a potion of magic {unknown}
 b - a potion of invisibility
 f - a potion of lignification {unknown}
 g - 2 potions of curing
 l - a potion of degeneration {unknown}
 n - a potion of heal wounds {unknown}
 s - a potion of attraction {unknown}


   Skills:
 + Level 1.4 Fighting
 + Level 2.0 Short Blades
 * Level 3.2 Dodging
 * Level 5.4 Stealth
 + Level 0.3 Shields
 - Level 1.0 Unarmed Combat
 + Level 2.4 Spellcasting
 + Level 3.5 Hexes
 + Level 1.3 Ice Magic


You couldn't memorise any spells.
You knew the following spells:

 Your Spells              Type           Power      Damage    Failure   Level
a - Confusing Touch       Hex            14%        N/A       12%         3
b - Tukima's Dance        Hex            14%        N/A       12%         3
c - Ensorcelled Hibernat  Hex/Ice        20%        N/A       10%         2

Your spell library contained the following spells:

 Spells                   Type           Power      Damage    Failure   Level
 Dazzling Flash           Conj/Hex       16%        N/A       26%         3
 Inner Flame              Hex/Fire       8%         N/A       26%         3
 Cause Fear               Hex            7%         N/A       38%         4
 Discord                  Hex            7%         N/A       100%        8


Dungeon Overview and Level Annotations

Branches:
Dungeon (4/15)
 Temple: D:4-7

Altars:
Elyvilon
Kikubaaqudgha

Shops:
D:1 (=(=:

Annotations:
D:3 Natasha


Innate Abilities, Weirdness & Mutations

You cannot wear most types of armour.
You are amphibious.
You can wear up to eight rings at the same time.
Your skin changes colour to match your surroundings (Stealth+).
Your rubbery body absorbs attacks. (AC +1, EV +1)
((You are camouflaged when in or above water. (Stealth+)))
You have tentacles for arms and can constrict up to eight enemies at once.


Message History

You squeeze the goblin.
You kill the goblin!
Things that are here:
a +0 dagger; a goblin corpse
Casting: Ensorcelled Hibernation (safe; 10% risk of failure)
Confirm with . or Enter, or press ? or * to list all spells.
Okay, then.
You start resting.
Magic restored.
This spell is quite dangerous to cast!
Memorise Tukima's Dance, consuming 3 spell levels and leaving 0?
You start memorising the spell.
You continue memorising. x3
You finish memorising.
Spell assigned to 'b'.
There is a stone staircase leading down here.
You climb downwards.
The jelly hits you. The acid corrodes you!
You are splashed with acid!
There is a stone staircase leading up here.
Casting: Ensorcelled Hibernation (safe; 10% risk of failure)
Confirm with . or Enter, or press ? or * to list all spells.
Aiming: Ensorcelled Hibernation (safe; 10% risk of failure)
Press: ? - help, Shift-Dir - straight line, f - jelly
Aim: a jelly (chance to affect: 52%)
Okay, then.
The jelly hits you. The acid corrodes you!
You are splashed with acid!
You climb upwards.
Level annotation: Natasha
There is a stone staircase leading down here.
Casting: Ensorcelled Hibernation (safe; 10% risk of failure)
Confirm with . or Enter, or press ? or * to list all spells.
Aiming: Ensorcelled Hibernation (safe; 10% risk of failure)
Press: ? - help, Shift-Dir - straight line, f - jelly
Aim: a jelly (chance to affect: 52%)
The jelly resists with significant effort.
The jelly hits you.
You are splashed with acid!
* * * LOW HITPOINT WARNING * * *
You fade into invisibility!
The jelly hits you.
* * * LOW HITPOINT WARNING * * *
You are splashed with acid!
You die...

#######♣♣ #####
#..## # #...## #
#### #....# #
#..########
######....#
###.........#
#.........#
.##.........#
#.........#
............#
#.........#
###.........#
#J........#
###.........#
#@........#
............#
#.........#
.....>......#
#.........#
............#
#.........#######
............#
##.......###....#
...##########
##.....## #..###
...#
#.###..###.##
...######
#.####.##..#
...#....###
##..........#


You could see a jelly.

Vanquished Creatures
  A hound (D:4)
  Crazy Yiuf (D:3)
  Terence (D:2)
  Natasha (twice) (D:3)
  3 adders
  2 dart slugs
  2 orcs
  9 bats
  5 endoplasms
  A giant cockroach (D:4)
  8 goblins
  2 hobgoblins (D:1)
  3 jackals (D:1)
  A quokka (D:1)
  5 ball pythons
  2 kobolds
  10 rats
58 creatures vanquished.

Vanquished Creatures (others)
  2 fungi (D:2)
  2 plants (D:2)
4 creatures vanquished.

Grand Total: 62 creatures vanquished

Notes
Turn   | Place    | Note
-------+----------+-------------------------------------------
     0 | D:1      | Ignak the Octopode Enchanter began the quest for the Orb.
     0 | D:1      | Reached XP level 1. HP: 11/11 MP: 3/3
   100 | D:1      | Found Varotal's Vocational Training.
   156 | D:1      | Reached XP level 2. HP: 4/17 MP: 5/5
   159 | D:1      | Learned a level 2 spell: Ensorcelled Hibernation
   244 | D:1      | Found Sogaud Jiga's Jewellery Shoppe.
   271 | D:1      | Found Gewum's Jewellery Boutique.
   354 | D:1      | Found Zyffauta's Antique Weapon Shop.
   456 | D:1      | Found Mekipo's Weapon Boutique.
   499 | D:1      | Reached XP level 3. HP: 22/22 MP: 6/6
   799 | D:2      | Noticed Terence
   877 | D:2      | Learned a level 3 spell: Confusing Touch
   929 | D:2      | Found an ancient bone altar of Kikubaaqudgha.
   933 | D:2      | Killed Terence
   934 | D:2      | Reached skill level 1 in Unarmed Combat
   934 | D:2      | Reached XP level 4. HP: 22/27 MP: 4/7
  1609 | D:2      | Found a faded altar of an unknown god.
  1870 | D:1      | Bought a runed dagger for 100 gold pieces
  2040 | D:3      | Found a runed translucent door.
  2041 | D:3      | Noticed Crazy Yiuf
  2048 | D:3      | Killed Crazy Yiuf
  2049 | D:3      | Reached skill level 1 in Fighting
  2049 | D:3      | Reached skill level 1 in Ice Magic
  2049 | D:3      | Reached XP level 5. HP: 33/33 MP: 1/8
  2147 | D:3      | Found a white marble altar of Elyvilon.
  2168 | D:3      | Noticed Natasha
  2175 | D:3      | Killed Natasha
  2176 | D:3      | Reached skill level 5 in Stealth
  2471 | D:3      | Noticed Natasha
  2485 | D:3      | Killed Natasha
  2558 | D:3      | Noticed Natasha
  2686 | D:4      | Noticed a phantom
  2687 | D:4      | Noticed a black bear
  2739 | D:3      | Learned a level 3 spell: Tukima's Dance
  2745 | D:3      | HP: 1/33 [jelly (3)]
  2745 | D:3      | Splashed by a jelly's acid

Illustrated notes

Levels and vault maps discovered:
D:1:      dpeg_arrival_ratfight, layout_basic, serial_shops, shop, shop,
          nicolae_shop_statue_plus, nicolae_shop_advertising_works
          [nicolae_subvault_shop_adworks], st_stairs_10, nicolae_shop_vocational
D:2:      layout_loops_cross, basic_altar, shapermc_ecumenical_altar_petra,
          uniq_terence
D:3:      layout_rooms, mainiacjoe_overflow_alcove_2, st_stairs_9,
          uniq_crazy_yiuf_cottage, uniq_natasha
D:4:      layout_layer_cave

Skill      XL: |  1  2  3  4  5 |
---------------+----------------+-----
Unarmed Combat | 1 |  1.0
Fighting       | 1 |  1.4
Ice Magic      | 1 |  1.3
Stealth        | 5 |  5.4
Dodging        | 3 |  3.2
Short Blades   | 2 |  2.0
Shields        | |  0.3
Spellcasting   | |  2.4
Hexes          | |  3.5

Action                   |  1- 3 |  4- 6 || total
-------------------------+-------+-------++-------
Melee: Dagger            |    53 |    54 ||   107
       Constrict         |    18 |    15 ||    33
       Tentacles         |    13 |    12 ||    25
       Punch             |     1 |       ||     1
Throw: Dart              |     2 |       ||     2
 Cast: Ensorcelled Hiber |     2 |    14 ||    16
  Use: Scroll            |     2 |     5 ||     7
       Potion            |       |     1 ||     1
 Stab: Sleeping          |     8 |    11 ||    19
Armor: Skin              |     6 |     5 ||    11
Dodge: Dodged            |    40 |    46 ||    86

Table legend: (Time is in decaauts)
 A = Elapsed time spent in this place.
 B = Non-inter-level travel time spent in this place.
 C = Inter-level travel time spent in this place.
 D = Time resting spent in this place.
 E = Time spent auto-exploring this place.
 F = Levels seen in this place.
 G = Mean time per level.
                   A        B        C        D        E       F      G
               +--------+--------+--------+--------+--------+-----+--------+
         Total |   2738 |   2523 |    215 |    139 |   1413 |   4 |  684.5 |
       Dungeon |   2738 |   2523 |    215 |    139 |   1413 |   4 |  684.5 |
               +--------+--------+--------+--------+--------+-----+--------+

Top non-repeatable levels by time:
     D:2: 931 daAuts
     D:1: 875 daAuts
     D:3: 855 daAuts
     D:4: 76 daAuts
